 Dungeon Crawl Stone Soup version 0.24.0-125-gc4c63601f3 (webtiles) character file.

Game seed: 4411932108560458616, levelgen mode: deterministic

100436 Curus the Acrobat (level 16, -17/159 HPs)
             Began as a Merfolk Gladiator on Mar 21, 2020.
             Was the Champion of Trog.
             Demolished by a skeletal warrior
             ... wielding a +0 glaive
              (21 damage)
             ... on level 15 of the Dungeon on Mar 22, 2020.
             The game lasted 02:07:20 (21403 turns).

Curus the Acrobat (Merfolk Gladiator)              Turns: 21403, Time: 02:07:21

Health: -17/159    AC: 20    Str: 21    XL:     16   Next: 27%
Magic:  19/19      EV: 29    Int:  8    God:    Trog [******]
Gold:   313        SH:  6    Dex: 20    Spells: 15/15 levels left

rFire    . . .     SeeInvis .   A - +4 spear (venom)
rCold    + . .     Gourm    .   D - +2 buckler {AC+3}
rNeg     . . .     Faith    .   K - +0 acid dragon scales
rPois    .         Spirit   .   c - +1 helmet
rElec    .         Reflect  .   h - +1 cloak
rCorr    +         Harm     .   m - +2 pair of gloves
MR       ++++.                  l - +1 pair of boots
Stlth    +.........             e - amulet of regeneration
HPRegen  1.76/turn              i - +1 ring of slaying
MPRegen  0.16/turn              O - ring of protection from cold

@: mighty, berserk cooldown, regenerating, slowed, very slow
A: change form in water, swift swim, stealthy swim, icy blue scales 1, magic
resistance 1, robust 1
a: Berserk, Trog's Hand, Brothers in Arms, Renounce Religion


You were on level 15 of the Dungeon.
You worshipped Trog.
Trog was exalted by your worship.
You were near starving.

You visited 3 branches of the dungeon, and saw 22 of its levels.
You also visited: Ossuary and Ice Cave.

You collected 2080 gold pieces.
You spent 1767 gold pieces at shops.

Inventory:

Hand Weapons
 a - a +1 trident
 b - a +2 bardiche of chopping
 A - a +4 spear of venom (weapon)
 I - a +2 antimagic glaive
Missiles
 d - 2 throwing nets (quivered)
Armour
 c - a +1 helmet (worn)
 h - a +1 cloak (worn)
 l - a +1 pair of boots (worn)
 m - a +2 pair of gloves (worn)
 n - a +1 leather armour of magic resistance
 D - a +2 buckler of protection (worn)
 K - +0 acid dragon scales (worn)
 M - a +0 ring mail of cold resistance
Jewellery
 e - an amulet of regeneration (around neck)
 i - a +1 ring of slaying (left hand)
 r - an uncursed ring of resist corrosion
 t - an uncursed amulet of the gourmand
 G - an uncursed ring of positive energy
 O - a ring of protection from cold (right hand)
 T - an uncursed ring of protection from fire
Wands
 w - a wand of flame (11)
 x - a wand of paralysis (11)
 y - a wand of iceblast (15)
 C - a wand of acid (13)
 F - a wand of polymorph (25)
 L - a wand of clouds (6)
 N - a wand of scattershot (6)
 S - a wand of digging (5)
Scrolls
 k - 15 scrolls of identify
 o - 5 scrolls of teleportation
 p - 8 scrolls of remove curse
 B - a scroll of holy word
 J - 3 scrolls of blinking
 Q - 2 scrolls of enchant weapon
 R - a scroll of fog
 Y - a scroll of fear
 Z - a scroll of magic mapping
Potions
 g - 2 potions of might
 j - 7 potions of flight
 q - 9 potions of curing
 u - a potion of haste
 v - 2 potions of magic
 z - 2 potions of berserk rage
 E - 2 potions of agility
 H - a potion of ambrosia
 U - 2 potions of resistance
 V - 2 potions of brilliance
 W - 3 potions of cancellation
Comestibles
 f - 23 rations


   Skills:
 + Level 18.7 Fighting
 - Level 16.1 Polearms
 - Level 2.0 Throwing
 + Level 21.6 Dodging
 - Level 5.1 Evocations


You had 15 spell levels left.
You didn't know any spells.
Your spell library was empty.

Dungeon Overview and Level Annotations

Branches:
Dungeon (13/15)            Temple (0/1) D:7            Lair (6/6) D:11
 Shoals (0/4) Lair:3       Spider (0/4) Lair:4        Slime (0/5) Lair:6
    Orc (2/2) D:10            Elf (0/3) Orc:2        Vaults (0/5) D:13
 Depths (0/5) D:15        Ossuary (visited)           IceCv (visited)

Altars:
Ashenzari
Dithmenos
Elyvilon
Kikubaaqudgha
Nemelex Xobeh
Qazlal
Sif Muna
Trog
Xom
Yredelemnul
The Shining One
Beogh

Shops:
D:9 ?   Orc:1 :   Orc:2 ?*[=

Annotations:
D:8 3 runed translucent doors, dragonscale333's ghost, novice CeHu
D:9 2 transporters, lop0506's ghost, novice GnWn
Lair:1 2 transporters
Lair:6 1 runed translucent door, Ezendos's ghost, journeyman FoAK


Innate Abilities, Weirdness & Mutations

You revert to your normal form in water.
You are very nimble and swift while swimming.
You are very stealthy in the water. (Stealth+)
You are partially covered in icy blue scales. (AC +2)
You are resistant to hostile enchantments. (MR+)
You are robust. (+10% HP)


Message History

The skeletal warrior is almost destroyed.
The skeletal warrior hits you with a +0 glaive.
* * * LOW HITPOINT WARNING * * *
You feel very mighty all of a sudden. The cyclops misses you.
You block the skeletal warrior's attack.
You puncture the cyclops!
The cyclops is poisoned.
The cyclops is moderately wounded.
The cyclops completely misses you.
You hit the cyclops.
The cyclops looks as sick as possible!
The cyclops is moderately wounded.
The skeletal warrior misses you. The cyclops barely misses you.
You hit the cyclops but do no damage.
The cyclops looks as sick as possible!
The cyclops is moderately wounded.
The skeletal warrior hits you with a +0 glaive!!
* * * LOW HITPOINT WARNING * * *
You feel much better. The cyclops hits you!!
* * * LOW HITPOINT WARNING * * *
The skeletal warrior hits you with a +0 glaive!!
You die...

#.. #####...## .........
....... ..... #..#
#..#### #..C@.#
#############..##z######
.(.(.............[)8.....
(..............8z...P8...
.()............8....8..P.
...............P..88....#
...........8.......P..P.#
...(....................#
...............8.>.P.P...


You could see a skeletal warrior and a cyclops.

Vanquished Creatures
  Gastronok (D:9)
  Kirke (Lair:5)
  The ghost of ciphuk the Grappler, a journeyman TrMo of Ru (Lair:5)
  Nessos (D:13)
  A dire elephant (Lair:6)
  6 hydras
  Erica (D:9)
  7 two-headed ogres
  17 death yaks (Lair:6)
  Urug (D:10)
  6 orc high priests
  Nergalle (Orc:1)
  A skeletal warrior (D:15)
  2 unseen horrors
  A flayed ghost (D:15)
  12 orc knights
  2 lindwurms (Lair:6)
  An oklob plant (D:11)
  A sphinx skeleton (D:15)
  A necromancer (D:15)
  4 ugly things
  2 deep elf magi (D:13)
  5 elephants
  A manticore (Lair:3)
  2 cyclopes
  2 centaur zombies
  2 torpor snails (Lair:6)
  Maurice (D:8)
  Joseph (D:9)
  7 black mambas
  9 spiny frogs
  A spriggan zombie (D:15)
  5 rime drakes
  9 komodo dragons
  A spriggan skeleton (D:15)
  11 trolls
  A queen bee (D:8)
  A jumping spider (Lair:4)
  A hornet (D:12)
  8 polar bears (IceCv)
  10 blink frogs
  Prince Ribbit (D:5)
  12 hippogriffs
  A fire dragon zombie (D:15)
  4 slime creatures
  7 dream sheep (Lair:6)
  56 yaks
  8 wyverns
  A shadow (D:13)
  2 wraiths
  16 humans (D:13)
  3 basilisks
  2 vampire mosquitoes (D:13)
  2 hungry ghosts (D:7)
  3 hogs (Lair:5)
  A steam dragon (D:12)
  10 water moccasins
  2 hell hounds (D:11)
  2 acid dragons
  10 porcupines
  3 phantoms
  31 orc warriors
  4 ice beasts
  2 sky beasts
  A black bear (Lair:5)
  13 ogres
  An eye of draining (D:11)
  A hornet zombie (D:11)
  A necrophage (D:10)
  28 wolves
  6 centaurs
  7 crocodiles
  2 big kobolds
  A wyvern zombie (D:11)
  17 bullfrogs
  4 scorpions
  43 killer bees
  5 wights (D:8)
  8 howler monkeys
  3 crimson imps
  6 jellies
  2 bullfrog zombies
  31 orc priests
  6 hounds
  3 bullfrog skeletons
  A gnoll shaman (Orc:1)
  An iguana (D:10)
  Terence (D:3)
  21 orc wizards
  Natasha (D:3)
  5 worker ants
  A hound skeleton (D:7)
  A mummy (Ossuary)
  14 gnolls
  A howler monkey skeleton (D:6)
  6 adders
  4 shadow imps
  A white imp (D:4)
  4 oozes
  A worm (D:4)
  2 adder skeletons
  2 dart slugs (D:1)
  3 leopard geckos
  103 orcs
  4 ball pythons
  4 giant cockroaches
  6 goblins
  4 hobgoblins
  7 quokkas
  7 bats
  6 frilled lizards
  7 gnoll skeletons (Ossuary)
  A goblin skeleton (D:4)
  3 goblin zombies (D:4)
  2 hobgoblin zombies (D:4)
  A jackal skeleton (D:8)
  16 kobolds
  10 kobold skeletons
  2 kobold zombies (D:4)
  A leopard gecko zombie (D:5)
  9 orc skeletons (Ossuary)
  An orc zombie (D:4)
  A quokka skeleton (D:8)
  6 rats
  2 fungi (D:6)
  A plant (D:11)
795 creatures vanquished.

Vanquished Creatures (collateral kills)
  A death yak (Lair:6)
1 creature vanquished.

Vanquished Creatures (others)
  A frost giant (IceCv)
  3 elephants (Lair:1)
  4 polar bears (IceCv)
  2 hippogriffs
  A yak (IceCv)
  A water moccasin (Lair:1)
  A wolf (IceCv)
  An orc wizard (D:13)
  2 orcs (D:8)
  2 kobolds (D:12)
  34 fungi
  24 plants
  4 toadstools (D:6)
  A withered plant (D:15)
81 creatures vanquished.

Grand Total: 877 creatures vanquished

Notes
Turn   | Place    | Note
-------+----------+-------------------------------------------
     0 | D:1      | Curus the Merfolk Gladiator began the quest for the Orb.
     0 | D:1      | Reached XP level 1. HP: 16/16 MP: 1/1
    74 | D:1      | Reached skill level 5 in Polearms
    74 | D:1      | Reached XP level 2. HP: 14/22 MP: 2/2
   155 | D:1      | Reached XP level 3. HP: 27/27 MP: 3/3
   652 | D:2      | Reached XP level 4. HP: 21/33 MP: 4/4
   763 | D:2      | Reached XP level 5. HP: 14/38 MP: 5/5
   846 | D:2      | Noticed a centaur
  1156 | D:2      | Killed a centaur
  1156 | D:2      | Reached XP level 6. HP: 4/44 MP: 6/6
  1569 | D:3      | Noticed Natasha
  1577 | D:3      | Killed Natasha
  1649 | D:3      | Reached skill level 10 in Polearms
  1744 | D:3      | Found a bloodstained altar of Trog.
  1749 | D:3      | Became a worshipper of Trog the Wrathful
  1817 | D:3      | Noticed Terence
  1826 | D:3      | Killed Terence
  2498 | D:4      | Reached XP level 7. HP: 48/50 MP: 7/7
  2528 | D:4      | Found a glowing golden altar of the Shining One.
  2889 | D:5      | Entered Level 5 of the Dungeon
  3176 | D:5      | Reached * piety under Trog
  3374 | D:5      | Reached XP level 8. HP: 56/56 MP: 8/8
  3384 | D:5      | Noticed Prince Ribbit
  3396 | D:5      | Killed Prince Ribbit
  3709 | D:5      | Found a glowing silver altar of Zin.
  3716 | D:5      | Found a sacrificial altar of Ru.
  3716 | D:5      | Found a glowing golden altar of the Shining One.
  3718 | D:5      | Found a hide-covered altar of Uskayaw.
  3718 | D:5      | Found a shimmering altar of Xom.
  3718 | D:5      | Found a shimmering altar of Xom.
  4159 | D:6      | Found a shadowy altar of Dithmenos.
  4213 | D:6      | Reached skill level 5 in Dodging
  4236 | D:6      | Found a sand-covered staircase.
  4339 | D:6      | Reached XP level 9. HP: 65/65 MP: 9/9
  4435 | D:6      | Reached skill level 6 in Dodging
  4614 | D:6      | Reached ** piety under Trog
  4624 | Ossuary  | Entered an ossuary
  4710 | Ossuary  | Reached skill level 5 in Fighting
  5127 | D:6      | Reached skill level 7 in Dodging
  5135 | D:6      | Reached *** piety under Trog
  5248 | D:7      | Found a staircase to the Ecumenical Temple.
  5277 | D:7      | Found a shimmering blue altar of Sif Muna.
  5362 | D:7      | Reached skill level 8 in Dodging
  5687 | D:8      | Noticed Maurice
  5760 | D:8      | Paralysed by Maurice for 3 turns
  5767 | D:8      | Killed Maurice
  5767 | D:8      | Reached skill level 9 in Dodging
  5836 | D:8      | Reached XP level 10. HP: 44/79 MP: 10/10
  5922 | D:8      | Gained mutation: You are resistant to hostile enchantments.
                  | (MR+) [potion of mutation]
  5922 | D:8      | Gained mutation: You are partially covered in icy blue
                  | scales. (AC +2) [potion of mutation]
  5922 | D:8      | Gained mutation: You are robust. (+10% HP) [potion of
                  | mutation]
  5959 | D:8      | Reached skill level 10 in Dodging
  5988 | D:8      | Reached **** piety under Trog
  6080 | D:8      | Found a runed translucent gate.
  6080 | D:8      | Found a runed translucent gate.
  6080 | D:8      | Found a runed translucent gate.
  6141 | D:8      | Reached skill level 11 in Dodging
  6482 | D:8      | Noticed dragonscale333's ghost (novice CeHu)
  6663 | D:9      | Found Docoil's Magic Scroll Emporium.
  6679 | D:9      | Bought a scroll of teleportation for 33 gold pieces
  6679 | D:9      | Bought a scroll of teleportation for 33 gold pieces
  6682 | D:9      | Noticed Gastronok
  6712 | D:9      | Killed Gastronok
  6712 | D:9      | Reached skill level 10 in Fighting
  6712 | D:9      | Reached skill level 12 in Dodging
  6712 | D:9      | Reached XP level 11. HP: 75/100 MP: 11/11
  6742 | D:9      | Noticed Erica
  6756 | D:9      | Killed Erica
  6792 | D:9      | Noticed a moth of wrath
  6794 | D:9      | Noticed a deep troll
  6795 | D:9      | Noticed lop0506's ghost (novice GnWn)
  6796 | D:9      | Found a bloodstained altar of Trog.
  6834 | D:9      | Noticed a cyclops
  6843 | D:9      | Found a transporter.
  6853 | D:9      | Found a transporter.
  7015 | D:9      | Noticed Joseph
  7028 | D:9      | Killed Joseph
  7028 | D:9      | Reached skill level 13 in Dodging
  7237 | D:9      | Found a stormy altar of Qazlal.
  7244 | D:9      | Found an ancient bone altar of Kikubaaqudgha.
  7249 | D:9      | Found a white marble altar of Elyvilon.
  7569 | D:10     | Entered Level 10 of the Dungeon
  7579 | D:10     | Noticed Urug
  7706 | D:10     | Killed Urug
  7901 | D:10     | Noticed a two-headed ogre
  7902 | D:10     | Found a roughly hewn altar of Beogh.
  7902 | D:10     | Found a staircase to the Orcish Mines.
  7918 | D:10     | Killed a two-headed ogre
  7991 | D:10     | Reached skill level 14 in Dodging
  8169 | D:10     | Received a gift from Trog
  8270 | D:10     | Found a shattered altar of Ashenzari.
  8342 | D:10     | Reached ***** piety under Trog
  8806 | D:10     | Killed an unseen horror
  8806 | D:10     | Reached XP level 12. HP: 102/113 MP: 12/12
  9333 | D:11     | Noticed a two-headed ogre
  9349 | D:11     | Killed a two-headed ogre
  9349 | D:11     | Reached skill level 15 in Dodging
  9483 | D:11     | Found a frozen archway.
  9490 | IceCv    | Entered an ice cave
  9607 | IceCv    | Received a gift from Trog
  9756 | IceCv    | Reached skill level 16 in Dodging
  9885 | IceCv    | Noticed a frost giant
  9899 | IceCv    | Banished a frost giant
  9930 | IceCv    | Reached XP level 13. HP: 119/124 MP: 13/13
 10409 | D:11     | Reached skill level 17 in Dodging
 10492 | D:11     | Found a staircase to the Lair.
 10532 | Lair:1   | Entered Level 1 of the Lair of Beasts
 10617 | Lair:1   | Found a transporter.
 10817 | Lair:1   | Reached skill level 15 in Polearms
 11065 | Lair:1   | Found a transporter.
 11901 | Lair:2   | Found a sparkling altar of Nemelex Xobeh.
 12349 | Lair:3   | Found a staircase to the Shoals.
 12757 | Lair:3   | Reached skill level 15 in Fighting
 12907 | Lair:3   | Got an ebony halberd
 13241 | Lair:3   | Identified the +5 halberd "Qemmich" {distort, *Drain Int+4}
                  | (You found it on level 3 of the Lair of Beasts)
 13307 | Lair:4   | Received a gift from Trog
 13334 | Lair:4   | Reached skill level 18 in Dodging
 13549 | Lair:4   | Found a hole to the Spider Nest.
 13573 | Lair:4   | Reached XP level 14. HP: 129/135 MP: 14/14
 14188 | Lair:5   | Reached ****** piety under Trog
 14228 | Lair:5   | Noticed Kirke
 14277 | Lair:5   | Killed Kirke
 14698 | Lair:5   | Found a runed translucent door.
 15033 | Lair:5   | Noticed ciphuk's ghost (journeyman TrMo)
 15069 | Lair:5   | Killed ciphuk's ghost
 15132 | Lair:6   | Entered Level 6 of the Lair of Beasts
 15287 | Lair:6   | Reached skill level 19 in Dodging
 15301 | Lair:6   | Noticed a dire elephant
 15347 | Lair:6   | Killed a dire elephant
 15718 | Lair:6   | Found a staircase to the Slime Pits.
 16164 | Lair:6   | Received a gift from Trog
 16219 | Lair:6   | Reached XP level 15. HP: 38/147 MP: 15/15
 16226 | Lair:6   | Reached skill level 20 in Dodging
 16247 | Lair:6   | HP: 5/147 [death yak (16)]
 16565 | Lair:6   | Found a runed translucent door.
 16566 | Lair:6   | Identified the +4 trident of the Heavens {pierce, *Slow rN+
                  | Str+8 SInv}
 16574 | Lair:6   | Noticed Ezendos's ghost (journeyman FoAK)
 17180 | D:11     | Got a twisted leather armour
 17191 | D:11     | Identified the +2 leather armour of Hospitality {Dex+5}
                  | (You found it on level 11 of the Dungeon)
 17314 | Orc:1    | Entered Level 1 of the Orcish Mines
 17349 | Orc:1    | Reached skill level 1 in Evocations
 17507 | Orc:1    | Found Akiulup's Book Boutique.
 17507 | Orc:1    | Noticed Nergalle
 17534 | Orc:1    | Killed Nergalle
 17547 | Orc:1    | Found a roughly hewn altar of Beogh.
 17767 | Orc:2    | Entered Level 2 of the Orcish Mines
 17898 | Orc:1    | Received a gift from Trog
 18162 | Orc:2    | Found a staircase to the Elven Halls.
 18470 | Orc:2    | Reached skill level 5 in Evocations
 19020 | Orc:2    | HP: 6/149 [orc warrior/+0 flail (23)]
 19297 | Orc:2    | Received a gift from Trog
 19391 | Orc:2    | Found Suus's Jewellery Boutique.
 19394 | Orc:2    | Found Ela Nua's Magic Scroll Boutique.
 19395 | Orc:2    | Found Fegot's Armour Boutique.
 19396 | Orc:2    | Found Yvegigitop's General Store.
 19399 | Orc:2    | Bought a cursed amulet of inaccuracy for 30 gold pieces
 19399 | Orc:2    | Bought a cursed ring of teleportation for 67 gold pieces
 19399 | Orc:2    | Bought an uncursed ring of protection from fire for 375
                  | gold pieces
 19400 | Orc:2    | Bought a scroll of brand weapon for 340 gold pieces
 19400 | Orc:2    | Bought a potion of heal wounds for 85 gold pieces
 19400 | Orc:2    | Bought a wand of acid (4) for 272 gold pieces
 19404 | Orc:2    | Bought a scroll of blinking for 105 gold pieces
 19404 | Orc:2    | Bought a scroll of holy word for 105 gold pieces
 19410 | Orc:2    | Bought a +2 buckler of protection for 322 gold pieces
 19758 | D:12     | Reached skill level 21 in Dodging
 20158 | D:12     | Found a basalt altar of Yredelemnul.
 20666 | D:13     | Reached XP level 16. HP: 157/157 MP: 19/19
 20693 | D:13     | Noticed Nessos
 20731 | D:13     | Received a gift from Trog
 20740 | D:13     | Killed Nessos
 20880 | D:13     | Found a gate to the Vaults.
 21178 | D:13     | You fall into a shaft and drop 2 floors!
 21178 | D:15     | Entered Level 15 of the Dungeon
 21219 | D:15     | Found a staircase to the Depths.
 21383 | D:15     | HP: 7/159 [skeletal warrior/+0 glaive (18)]
 21402 | D:15     | HP: 1/159 [skeletal warrior/+0 glaive (19)]
 21403 | D:15     | Demolished by a skeletal warrior

Levels and vault maps discovered:
D:1:      dpeg_arrival_castle, layout_basic
D:2:      kennysheep_big_flooded_room, layout_basic, first_ration,
          minmay_misc_feat_nine_boxes, kennysheep_generic_room_11
D:3:      layout_basic, lightli_temple_of_fire, serial_bayou_lagoon_a,
          uniq_terence, uniq_natasha
D:4:      layout_cave_pods, kennysheep_diamond, nicolae_tso_besieged_by_evil
D:5:      layout_basic, doesnt_xom_only_xom, uniq_prince_ribbit1
D:6:      layout_loops_ring, grunt_dithmenos_shadows,
          nicolae_ossuary_entry_false_entrances, minmay_gold_behind_fungi
D:7:      layout_cave_pools, minmay_temple_entry_arrows, basic_altar
D:8:      layout_cave_pools, gammafunk_ghost_icy, david_nohive_1,
          lemuel_flame_loot_1, uniq_maurice
D:9:      layout_loops_corners, minitemple, serial_shops, shop,
          gammafunk_ghost_wrathful_warriors, uniq_gastronok, uniq_erica,
          uniq_joseph
D:10:     layout_stronghold, david_orc_5, nicolae_ashenzari_panopticon,
          uniq_urug
D:11:     layout_cave_pools, dpeg_oklobed_lair, serial_column_ruins,
          column_ruins_grid_3, column_ruins_grid_4, column_ruins_open_tiny,
          column_ruins_grid_1, column_ruins_columns_straight,
          portal_ice_cave_rime, minmay_rotating_lava
D:12:     layout_loops_ring, basic_altar
D:13:     layout_stronghold, david_vaults_3, minmay_variable_closet
D:15:     gammafunk_depths_entry_grave, layout_long_grid, nrook_mini_vaults
Lair:1:   gammafunk_cloud_chamber, layout_loops_ring,
          chequers_serial_rivers_micro_d, patterned_corridor
Lair:2:   layout_cave_pods, basic_altar
Lair:3:   layout_cave_pods, minmay_shoals_entry_beasts
Lair:4:   layout_regular_city, spider_nest_entry_a, serial_bayou_shore_b
Lair:5:   layout_long_grid, ebering_ghost_reflecting_pool, lemuel_fruit_fields,
          uniq_nessos, uniq_kirke
Lair:6:   hangedman_lair_in_review, layout_regular_city,
          minmay_slime_entry_pillars, gauntlet_entry_generic,
          ebering_ghost_funeral_grove, st_stairs_3, serial_bayou_shore_a
Orc:1:    layout_caves, serial_shops, shop, basic_altar, uniq_nergalle
Orc:2:    st_orc_pillars, layout_caves

Skill      XL: |  1  2  3  4  5  6  7  8  9 10 11 12 13 14 15 |
---------------+----------------------------------------------+-----
Polearms       | 5 6 7 8 9 11 12 14 16 | 16.1
Fighting       | 4 7 10 12 14 15 17 18 | 18.7
Dodging        | 5 9 12 14 16 18 19 21 | 21.6
Evocations     | 5 |  5.1
Throwing       | |  2.0

Action                   |  1- 3 |  4- 6 |  7- 9 | 10-12 | 13-15 | 16-18 || total
-------------------------+-------+-------+-------+-------+-------+-------++-------
Melee: Trident           |    74 |   202 |   522 |     1 |       |       ||   799
       Spear             |       |       |       |   950 |  2165 |   436 ||  3551
       Glaive            |       |       |       |   100 |   172 |       ||   272
       Tailslap          |       |       |       |       |     1 |       ||     1
Throw: Throwing net      |       |     1 |       |       |       |       ||     1
Invok: Berserk           |       |       |     1 |     2 |     9 |     2 ||    14
       Brothers in Arms  |       |       |       |     1 |     1 |       ||     2
       Trog's Hand       |       |       |       |       |     1 |     1 ||     2
Evoke: Wand              |       |       |       |       |     6 |     2 ||     8
  Use: Scroll            |     4 |     6 |     1 |     5 |    11 |       ||    27
       Potion            |     2 |     6 |     4 |     3 |     2 |     3 ||    20
 Stab: Sleeping          |       |     2 |     1 |     4 |     4 |       ||    11
       Distracted        |       |       |     1 |       |     5 |       ||     6
       Paralysed         |       |       |       |       |       |     4 ||     4
  Eat: Chunk             |       |     5 |    10 |    14 |    28 |       ||    57
       Ration            |       |       |     1 |     1 |     5 |     1 ||     8
Armor: Leather armour    |     9 |    34 |    48 |    42 |     1 |       ||   134
       Acid dragon scale |       |       |       |    99 |   319 |    66 ||   484
Dodge: Dodged            |    40 |   127 |   193 |   726 |  1780 |   307 ||  3173
Block: Buckler           |       |       |       |       |    44 |    93 ||   137
